Map: Dusk Towers

Players

SuperSaiyan

  • Race: Zerg Zerg
  • League: Master

Miszu - Winner!

  • Race: Terran Terran
  • League: Master

VOD

Have the link to the VOD?

Description

Time

  • Played on: March 13, 2016, 2:30 p.m.
  • Length: 11:10
Show
View Real Time Build Order
Export as new Build Order

SuperSaiyan Zerg 

Build Orders: Hatch First, Muta Ling Bane 

Get SALT Encoding   

  12  0:01  Drone  
  13  0:12  Overlord  
  13  0:18  Drone  
  14  0:31  Drone x2  
  16  0:35  Drone  
  17  0:55  Hatchery  
  17  0:56  Drone  
  17  1:00  Drone  
  18  1:05  Extractor  
  18  1:11  Drone  
  18  1:19  Spawning Pool  
  18  1:21  Drone  
  18  1:32  Drone  
  19  1:38  Overlord  
  19  2:06  Queen  
  19  2:07  Zergling x2, Queen  
  24  2:08  Drone  
  24  2:09  Metabolic Boost  
  24  2:11  Drone  
  24  2:13  Zergling x2  
  27  2:19  Drone  
  28  2:27  Drone  
  28  2:29  Drone  
  30  2:41  Drone x2  
  30  2:43  Queen  
  30  2:44  Pneumatized Carapace  
  33  2:49  Drone  
  34  2:53  Drone  
  35  2:59  Overlord  
  35  3:25  Drone  
  35  3:26  Drone x8  
  44  3:38  Hatchery  
  44  3:39  Overlord  
  44  3:41  Drone  
  44  3:52  Extractor  
  44  3:53  Overlord, Extractor, Drone  
  44  3:54  Drone  
  44  3:55  Extractor, Drone  
  44  4:09  Drone x4  
  49  4:10  Lair, Drone x2  
  49  4:14  Spore Crawler  
  49  4:19  Overlord  
  50  4:28  Baneling Nest  
  49  4:40  Overlord  
  49  4:45  Drone  
  50  4:46  Drone x5  
  50  4:52  Overlord  
  55  4:53  Zergling x2, Drone  
  55  4:54  Zergling x2, Queen  
  60  5:00  Zergling x2, Spore Crawler  
  60  5:01  Zergling x6  
  60  5:05  Spore Crawler  
  62  5:12  Centrifical Hooks  
  62  5:30  Overlord  
  62  5:35  Drone  
  62  5:36  Drone x2  
  62  5:38  Extractor  
  62  5:39  Extractor  
  63  5:53  Overlord  
  63  5:55  Drone  
  63  5:56  Spire, Drone x3  
  66  6:00  Drone  
  66  6:01  Drone x6  
  73  6:08  Evolution Chamber  
  73  6:09  Evolution Chamber  
  73  6:10  Drone x3  
  70  6:30  Overlord  
  70  6:35  Drone x2  
  70  6:36  Drone  
  70  7:00  Overlord  
  70  7:07  Zerg Melee Weapons Level 1, Zerg Ground Armor Level 1  
  68  7:11  Mutalisk x13  
  94  7:20  Zergling x12  
  100  7:23  Baneling  
  100  7:24  Baneling x4  
  100  7:30  Baneling  
  100  7:31  Zergling x2, Baneling x6  
  100  7:32  Zergling x4  
  103  7:38  Zergling x2  
  103  7:39  Zergling x8  
  108  7:46  Overlord  
  108  7:47  Overlord  
  108  8:16  Zergling x18  
  108  8:17  Zergling x6  
  115  8:34  Zergling x4  
  115  8:35  Zergling x12  
  115  8:41  Overlord x2  
  119  8:51  Zerg Flyer Armor Level 1  
  119  8:54  Mutalisk  
  121  8:55  Overlord  
  121  8:56  Overlord  
  121  8:57  Baneling  
  121  8:58  Baneling x8  
  121  8:59  Hatchery  
  121  9:01  Mutalisk x4  
  121  9:02  Drone  
  129  9:04  Baneling  
  129  9:05  Baneling x3  
  129  9:15  Overlord x2  
  129  9:28  Mutalisk x2  
  133  9:36  Mutalisk x2  
  137  9:46  Zergling x2  
  137  9:47  Zergling x16  
  137  9:48  Infestation Pit  
  145  9:58  Overseer x2  
  145  9:59  Zergling x2  
  151  10:00  Zergling x14  
  151  10:03  Drone  
  154  10:07  Overlord x2  
  154  10:09  Drone  
  155  10:23  Zergling x2  
  155  10:24  Zergling x16  
  90  10:52  Zergling x2  
  90  10:53  Zergling x28  
Show
View Real Time Build Order
Export as new Build Order

Miszu Terran - Winner!

Build Orders: Liberator Opening, Reaper Expand, MMM Bio 

Get SALT Encoding   

  12  0:00  SCV  
  13  0:13  SCV  
  14  0:18  Supply Depot  
  14  0:25  SCV  
  15  0:39  SCV  
  15  0:40  Barracks  
  16  0:44  Refinery  
  16  0:52  SCV  
  17  1:04  SCV  
  18  1:17  SCV  
  19  1:28  Reaper  
  19  1:29  Orbital Command  
  20  1:39  Command Center  
  20  1:50  Supply Depot  
  20  1:54  SCV  
  20  1:58  Refinery  
  21  2:04  Barracks Reactor  
  21  2:06  SCV  
  22  2:19  SCV  
  23  2:24  Factory  
  23  2:31  SCV  
  24  2:40  Marine x2  
  24  2:43  SCV  
  27  2:51  Orbital Command  
  27  2:55  SCV  
  27  2:58  Marine x2  
  30  3:07  SCV  
  31  3:13  Starport, Factory Tech Lab  
  31  3:17  Marine x2  
  31  3:18  SCV  
  31  3:19  SCV  
  35  3:30  SCV  
  35  3:31  SCV  
  35  3:34  Siege Tank, Liberator  
  37  3:35  Marine x2  
  37  3:38  Supply Depot  
  41  3:42  SCV  
  41  3:43  SCV  
  46  3:59  Command Center  
  46  4:00  SCV x2  
  48  4:12  SCV x2  
  50  4:19  Barracks  
  50  4:21  Supply Depot, Barracks  
  50  4:24  SCV x2  
  50  4:25  Liberator  
  52  4:31  Engineering Bay  
  52  4:34  Engineering Bay  
  52  4:35  Refinery  
  52  4:36  SCV  
  52  4:37  Refinery  
  52  4:38  Marine  
  54  4:44  SCV  
  58  4:48  Supply Depot, SCV  
  59  4:56  SCV  
  60  5:00  Terran Infantry Weapons Level 1  
  60  5:01  Terran Infantry Armor Level 1, SCV  
  60  5:03  Marine  
  60  5:06  Barracks Tech Lab  
  62  5:07  Barracks Tech Lab  
  62  5:09  Marine, SCV  
  62  5:13  SCV, Orbital Command  
  65  5:19  Supply Depot  
  65  5:21  SCV  
  65  5:22  Marine  
  65  5:25  SCV  
  71  5:29  Starport Reactor  
  71  5:30  Stimpack, Combat Shields  
  71  5:33  SCV  
  69  5:37  SCV  
  69  5:41  Orbital Command  
  70  5:44  Barracks  
  70  5:45  SCV  
  70  5:46  Barracks  
  70  5:48  Siege Tank  
  74  5:50  SCV  
  74  5:55  Supply Depot, Armory  
  75  5:57  Supply Depot  
  75  5:58  SCV  
  75  6:03  SCV  
  75  6:04  Marine x4  
  78  6:10  SCV  
  82  6:12  Medivac x2  
  82  6:13  SCV  
  82  6:15  SCV  
  88  6:21  Marine  
  88  6:22  Marine x2  
  88  6:24  Marine  
  92  6:36  Barracks Reactor  
  92  6:37  Barracks Reactor  
  92  6:38  Siege Tank  
  92  6:39  Marine x2, SCV x2  
  99  6:40  Marine, SCV  
  99  6:42  Marine, Medivac  
  99  6:46  Supply Depot  
  104  6:51  SCV  
  104  6:52  SCV  
  106  6:57  Marine x2, Medivac  
  106  6:58  SCV  
  105  7:02  Refinery  
  105  7:04  SCV x2  
  105  7:06  Refinery  
  109  7:11  Siege Tank, SCV  
  115  7:19  Supply Depot  
  115  7:20  Supply Depot  
  115  7:21  Marine x2  
  117  7:25  Marine x2  
  117  7:26  Terran Infantry Armor Level 2  
  115  7:30  Terran Infantry Weapons Level 2  
  115  7:33  Missile Turret  
  115  7:35  Missile Turret  
  115  7:38  SCV, Missile Turret  
  115  7:42  Supply Depot  
  115  7:43  Supply Depot, Marauder, Marine, Siege Tank  
  122  7:45  SCV  
  122  7:48  SCV  
  122  7:50  SCV  
  125  7:58  SCV  
  126  8:00  SCV  
  126  8:02  SCV  
  126  8:04  Marine x3, Marauder  
  126  8:05  Marine x3  
  136  8:07  Terran Vehicle Weapons Level 1  
  136  8:12  Barracks x2  
  132  8:16  Barracks  
  131  8:21  Marauder  
  131  8:22  Marine x5, Siege Tank  
  131  8:23  Marine  
  142  8:28  Marauder  
  142  8:29  Medivac x2  
  124  8:40  Marine x5  
  126  8:43  Marauder  
  126  8:46  Marine  
  126  8:50  Marauder  
  126  8:54  Thor  
  134  8:57  Marine  
  134  8:58  Marine x4  
  134  9:00  Barracks Reactor  
  134  9:02  Barracks Tech Lab  
  139  9:03  Barracks Tech Lab  
  139  9:04  Marauder  
  139  9:05  Marine  
  139  9:06  Medivac x2  
  146  9:11  Marauder  
  146  9:13  Supply Depot x3  
  146  9:15  Marine x2  
  146  9:16  Marine x2  
  151  9:25  Marauder  
  151  9:31  Marine x3, Marauder  
  154  9:34  Marine, Marauder  
  154  9:36  Marine, Medivac  
  154  9:37  Marine x4, Missile Turret x2  
  167  9:39  Missile Turret x2  
  167  9:40  Thor  
  173  9:46  Marine  
  173  9:49  Marine x2  
  173  9:52  Marine x2  
  180  9:54  Marine  
  180  9:59  Marine x2  
  181  10:03  Supply Depot  
  181  10:04  Supply Depot  
  181  10:05  Supply Depot  
  181  10:07  Command Center  
  181  10:13  Marine  
  181  10:16  Marine x2  
  181  10:26  Medivac, Thor  
  189  10:30  Marine x2, Medivac, Marauder x2  
  197  10:39  Marine, Marauder  
  197  10:41  Marauder  
  170  10:50  Marine  
  170  10:51  Marine x7  
Tags
 
Add a new tag
Caveats
  • Supply blocks, unpowered buildings, or Contaminate may cause inaccurate times.
  • Supply counts are checked every 10 seconds.